 Dungeon Sprint DCSS version 0.22.1-1-ga44c0e5 (webtiles) character file.

176 aMcNicky the Cleaver (level 5, -17/47 HPs)
             Began as a Minotaur Fighter on Nov 10, 2018.
             Killed from afar by a deep elf mage (21 damage)
             ... with a bolt of lightning
             ... in the Dungeon (Sprint III: "The Ten Rune Challenge").
             The game lasted 00:02:34 (598 turns).

aMcNicky the Cleaver (Minotaur Fighter)              Turns: 598, Time: 00:02:35

Health: -17/47     AC:  7    Str: 23    XL:     5   Next: 30%
Magic:  4/4        EV:  7    Int:  5    God:
Gold:   32         SH:  9    Dex:  8    Spells: 4/4 levels left

rFire    . . .     SeeInvis .   a - +0 war axe
rCold    . . .     Gourm    .   c - +0 shield
rNeg     . . .     Faith    .   b - +0 scale mail
rPois    .         Spirit   .   (helmet restricted)
rElec    .         Reflect  .   (no cloak)
rCorr    .         Harm     .   (no gloves)
MR       .....     NoTele   +   (no boots)
Stlth    ..........             (no amulet)
HPRegen  0.15/turn              (no ring)
MPRegen  0.09/turn              (no ring)

@: no status effects
A: retaliatory headbutt, horns 2, clumsy 1, high mp 1, strong 1
a: no special abilities


You were in the Dungeon.
You were not hungry.

You visited 1 branch You collected 32 gold pieces.

Inventory:

Hand Weapons
 a - a +0 war axe (weapon)
Armour
 b - a +0 scale mail (worn)
 c - a +0 shield (worn)
Scrolls
 j - 2 scrolls of immolation {unknown}
 k - a scroll of blinking
 m - 2 scrolls of identify {unknown}
 n - 2 scrolls of remove curse {unknown}
Potions
 e - a potion of curing {@q1}
 i - 2 potions of magic
 o - 2 potions of flight {unknown}
 p - a potion of berserk rage
 q - a potion of mutation
Comestibles
 f - 3 rations {@e1}


   Skills:
 + Level 4.6 Fighting
 + Level 11.9 Axes
 + Level 4.6 Armour
 + Level 4.6 Shields


You had 4 spell levels left.
You didn't know any spells.
Your spell library contained the following spells:

 Spells                   Type           Power        Failure   Level  Hunger
 Confusing Touch          Hex            #.....       99%         1    ##.....
 Magic Dart               Conj           #...         99%         1    ##.....
 Blink                    Tloc           N/A          100%        2    ###....
 Call Imp                 Summ           #.......     100%        2    ###....
 Slow                     Hex            #.......     100%        2    ###....
 Confuse                  Hex            #.......     100%        3    ####...
 Conjure Flame            Conj/Fire      #.......     100%        3    ####...
 Gell's Gravitas          Tloc           #.........   100%        3    ####...
 Mephitic Cloud           Conj/Pois/Air  #.......     100%        3    ####...
 Petrify                  Tmut/Erth      #.......     100%        4    #####..
 Metabolic Englaciation   Hex/Ice        #.........   100%        5    ######.
 Yara's Violent Unravell  Hex/Tmut       #.........   100%        5    ######.


Dungeon Overview and Level Annotations

Branches:
Dungeon (1/1)

Altars:
Elyvilon
Kikubaaqudgha
Sif Muna
Vehumet
Zin
The Shining One


Innate Abilities, Weirdness & Mutations

You reflexively headbutt those who attack you in melee.
You have a pair of horns on your head.
You are clumsy. (Dex -2)
You have an increased reservoir of magic. (+10% MP)
Your muscles are strong. (Str +2)


Message History

The deep elf mage hits you with a long sword of holy wrath.
* * * LOW HITPOINT WARNING * * *
You barely miss the deep elf mage. Your headbutt misses the deep elf mage.
The deep elf mage is moderately wounded.
You closely miss the deep elf mage.
The deep elf mage is moderately wounded.
The deep elf mage hits you with a long sword of holy wrath.
* * * LOW HITPOINT WARNING * * *
You closely miss the deep elf mage. Your headbutt misses the deep elf mage.
The deep elf mage is moderately wounded.
The deep elf mage hits you with a long sword of holy wrath!
* * * LOW HITPOINT WARNING * * *
You hit the deep elf mage.
The deep elf mage is heavily wounded.
The deep elf mage hits you but does no damage.
You hit the deep elf mage. Your headbutt misses the deep elf mage.
The deep elf mage is heavily wounded.
The deep elf mage points at you and mumbles some strange words.
The bolt of lightning hits you!
You die...

▓▓▓▓ ▓▓▓ (..####
##.#####
......#####..#___#
.......#..#..#...#
#.##...#..#..###@#+###+
#.###..##'#..#...e......
##.##..###...'.⌠........
..##..####...#...######+
..##..###....#.⌠.#
.##...##.....#...#
##....#......#)###
##..##.#.....#...#
#..#####....#___#


You could see a deep elf mage.

Vanquished Creatures
  A water elemental (D)
  A scorpion (D)
  A wizard (D)
  A kobold demonologist (D)
  A human (D)
  An ooze (D)
  3 rats (D)
9 creatures vanquished.

Vanquished Creatures (others)
  2 draconian scorchers (D)
  6 hellions (D)
  A yaktaur (D)
  3 plants (D)
12 creatures vanquished.

Grand Total: 21 creatures vanquished

Notes
Turn   | Place    | Note
-------+----------+-------------------------------------------
     0 | D        | aMcNicky the Minotaur Fighter began the quest for the Orb.
     0 | D        | Reached XP level 1. HP: 19/19 MP: 0/0
     9 | D        | Reached skill level 4 in Axes
    27 | D        | Reached skill level 5 in Axes
    56 | D        | Reached skill level 7 in Axes
    56 | D        | Reached XP level 2. HP: 15/26 MP: 1/1
    96 | D        | Killed a hellion
    97 | D        | Killed a hellion
   183 | D        | Killed a white draconian scorcher
   184 | D        | Noticed a scorpion
   188 | D        | Killed a scorpion
   188 | D        | Reached skill level 9 in Axes
   188 | D        | Reached XP level 3. HP: 31/31 MP: 2/2
   188 | D        | Reached XP level 4. HP: 39/39 MP: 3/3
   206 | D        | Killed a hellion
   213 | D        | Killed a hellion
   215 | D        | Killed a hellion
   215 | D        | Killed a hellion
   240 | D        | Killed a white draconian scorcher
   249 | D        | Gained mutation: You are frail. (-10% HP) [potion of
                  | mutation]
   249 | D        | Gained mutation: Your spells are a little harder to cast,
                  | but a little more powerful. [potion of mutation]
   250 | D        | Lost mutation: Your spells are a little harder to cast, but
                  | a little more powerful. [potion of mutation]
   250 | D        | Lost mutation: You are frail. (-10% HP) [potion of
                  | mutation]
   250 | D        | Gained mutation: Your body sometimes deteriorates upon
                  | taking damage. [potion of mutation]
   250 | D        | Gained mutation: You are partially covered in yellow
                  | scales. (AC +2) [potion of mutation]
   251 | D        | Lost mutation: Your body sometimes deteriorates upon taking
                  | damage. [potion of mutation]
   251 | D        | Lost mutation: You are partially covered in yellow scales.
                  | (AC +2) [potion of mutation]
   251 | D        | Gained mutation: You are dopey. (Int -2) [potion of
                  | mutation]
   251 | D        | Gained mutation: Your muscles are strong. (Str +2) [potion
                  | of mutation]
   280 | D        | Lost mutation: You are dopey. (Int -2) [potion of mutation]
   280 | D        | Gained mutation: You are clumsy. (Dex -2) [potion of
                  | mutation]
   280 | D        | Gained mutation: You have an increased reservoir of magic.
                  | (+10% MP) [potion of mutation]
   283 | D        | Noticed a water elemental
   289 | D        | Killed a water elemental
   289 | D        | Reached skill level 11 in Axes
   451 | D        | Killed a yaktaur
   560 | D        | Found a radiant altar of Vehumet.
   560 | D        | Found a deep blue altar of Sif Muna.
   560 | D        | Found an ancient bone altar of Kikubaaqudgha.
   560 | D        | Noticed a wizard
   566 | D        | Killed a wizard
   566 | D        | Reached XP level 5. HP: 46/46 MP: 4/4
   585 | D        | Found a glowing silver altar of Zin.
   586 | D        | Found a glowing golden altar of the Shining One.
   586 | D        | Found a white marble altar of Elyvilon.
   586 | D        | Noticed a deep elf mage
   598 | D        | Killed from afar by a deep elf mage

Skill      XL: |  1  2  3  4 |
---------------+-------------+-----
Axes           | 7 9 11 | 11.9
Fighting       | 4 |  4.6
Armour         | 4 |  4.6
Shields        | 4 |  4.6

Action                   |  1- 3 |  4- 6 || total
-------------------------+-------+-------++-------
Melee: War axe           |    15 |    19 ||    34
       Headbutt          |     1 |     1 ||     2
  Use: Potion            |     1 |     7 ||     8
Armor: Scale mail        |     2 |     2 ||     4
Dodge: Dodged            |     3 |     2 ||     5
Block: Shield            |     8 |     1 ||     9
